 Dungeon Crawl Stone Soup version 0.26-a0-188-ga22346179c (webtiles) character file.

Game seed: 11365997726475548399

41846 BritishOli the Carver (level 13, 0/116 HPs)
             Began as a Demonspawn Gladiator on July 4, 2020.
             Was the Champion of Okawaru.
             Splashed by a brown ugly thing's acid (10 damage)
             ... on level 10 of the Dungeon.
             The game lasted 00:54:04 (26758 turns).

BritishOli the Carver (Demonspawn Gladiator)       Turns: 26758, Time: 00:54:05

Health: 0/116      AC:  6    Str: 18    XL:     13   Next: 82%
Magic:  13/13      EV: 10    Int: 12    God:    Okawaru [******]
Gold:   788        SH: 14    Dex: 14    Spells: 12/12 levels left

rFire    . . .     SeeInvis .   D - +3 falchion (freeze)
rCold    + . .     Faith    .   Z - +1 kite shield {AC+3}
rNeg     . . .     Spirit   .   J - +0 swamp dragon scales
rPois    +         Reflect  +   c - +0 helmet
rElec    .         Harm     .   j - +2 cloak
rCorr    .                      (no gloves)
MR       .....                  (no boots)
Stlth    ++........             M - amulet of reflection
HPRegen  0.29/turn              e - ring of protection from cold
MPRegen  0.13/turn              N - ring of stealth

@: corroded
A: talons 2, thin metallic scales 2, foul stench 1, powered by death 1, robust
1, wild magic 1, rot immunity
a: Heroism, Finesse, Renounce Religion


You were on level 10 of the Dungeon.
You worshipped Okawaru.
Okawaru was exalted by your worship.
You were not hungry.

You visited 4 branches of the dungeon, and saw 19 of its levels.
You also visited: Sewer.

You collected 1152 gold pieces.
You spent 364 gold pieces at shops.

Inventory:

Hand Weapons
 v - a +0 hand axe of flaming
 D - a +3 falchion of freezing (weapon)
Missiles
 d - 2 throwing nets
 n - 10 javelins (quivered)
 K - 19 boomerangs
Armour
 c - a +0 helmet (worn)
 j - a +2 cloak (worn)
 J - +0 swamp dragon scales (worn)
 Z - a +1 kite shield of protection (worn)
Jewellery
 e - a ring of protection from cold (left hand)
 M - an amulet of reflection (around neck)
 N - a ring of stealth (right hand)
Wands
 a - a wand of clouds (8)
 k - a wand of paralysis (6)
 y - a wand of digging (4)
Scrolls
 g - 6 scrolls of remove curse
 i - 7 scrolls of magic mapping
 l - 2 scrolls of fear
 m - 3 scrolls of teleportation
 o - 4 scrolls of amnesia
 t - 2 scrolls of fog
 z - a scroll of summoning
 F - a scroll of enchant armour
 O - a scroll of silence {unknown}
 Q - 2 scrolls of enchant weapon
 S - a scroll of acquirement {unknown}
 W - a scroll of blinking
Potions
 b - a potion of magic
 p - 8 potions of might
 q - a potion of invisibility
 r - 6 potions of curing
 s - 4 potions of heal wounds
 w - 3 potions of brilliance
 A - 2 potions of flight
 B - 2 potions of haste
 G - 2 potions of cancellation
 U - 2 potions of berserk rage
Comestibles
 f - 24 rations


   Skills:
 + Level 11.2 Fighting
 * Level 13.7 Long Blades
 - Level 4.0 Throwing
 + Level 13.2 Armour
 - Level 3.0 Dodging
 + Level 2.3 Shields


You had 12 spell levels left.
You didn't know any spells.
Your spell library contained the following spells:

 Spells                   Type           Power        Failure   Level  Hunger
 Apportation              Tloc           #.....       97%         1    ##.....
 Beastly Appendage        Tmut           #.....       97%         1    ##.....
 Summon Butterflies       Summ           #.......     97%         1    ##.....
 Poisonous Vapours        Pois/Air       #.....       99%         2    ###....
 Sticks to Snakes         Tmut           #.......     99%         2    ###....
 Confusing Touch          Hex            #.......     100%        3    ####...
 Conjure Flame            Conj/Fire      #.......     100%        3    ####...
 Gell's Gravitas          Tloc           #.........   100%        3    ####...
 Lesser Beckoning         Tloc           #.........   100%        3    ####...
 Mephitic Cloud           Conj/Pois/Air  #.......     100%        3    ####...
 Spider Form              Tmut/Pois      #.........   100%        3    ####...
 Tukima's Dance           Hex            #.......     100%        3    ####...
 Ice Form                 Ice/Tmut       #.......     100%        4    #####..
 Petrify                  Tmut/Erth      #.......     100%        4    #####..
 Alistair's Intoxication  Tmut/Pois      #.......     100%        5    ######.
 Blade Hands              Tmut           #.........   100%        5    ######.
 Metabolic Englaciation   Hex/Ice        #.........   100%        5    ######.
 Yara's Violent Unravell  Hex/Tmut       #.........   100%        5    ######.
 Freezing Cloud           Conj/Ice/Air   #.........   100%        6    #######
 Invisibility             Hex            #.......     100%        6    #######
 Ring of Flames           Chrm/Fire      #.........   100%        7    #######


Dungeon Overview and Level Annotations

Branches:
Dungeon (11/15)            Temple (1/1) D:7            Lair (6/6) D:8
 Shoals (0/4) Lair:3       Spider (0/4) Lair:3          Orc (1/2) D:10
  Sewer (visited)
  Slime: Lair:5-6

Altars:
Ashenzari
Cheibriados
Dithmenos
Elyvilon
Fedhas
Gozag
Hepliaklqana
Kikubaaqudgha
Makhleb
Nemelex Xobeh
Okawaru
Qazlal
Ru
Sif Muna
Trog
Uskayaw
Vehumet
Wu Jian
Xom
Yredelemnul
Zin
The Shining One
Beogh

Shops:
D:7 ?

Annotations:
D:10 3 runed translucent doors, loom's ghost, journeyman GnSk
Lair:6 exclusion: 2 oklob plants


Innate Abilities, Weirdness & Mutations

You have razor-sharp toenails.
You are mostly covered in thin metallic scales. (AC +3)
You may emit foul miasma when damaged in melee.
You regenerate a little health from kills.
You are immune to rotting.
You are robust. (+10% HP)
Your spells are a little harder to cast, but a little more powerful.


Message History

The brown ugly thing is almost dead.
The brown ugly thing stings you but does no damage.
You barely miss the brown ugly thing.
You claw the brown ugly thing, but do no damage.
The brown ugly thing is almost dead.
You hit the brown ugly thing but do no damage.
You claw the brown ugly thing, but do no damage.
The brown ugly thing is almost dead.
The brown ugly thing barely misses you.
Your shield prevents you from hitting the brown ugly thing.
Your kick misses the brown ugly thing.
The brown ugly thing is almost dead.
The brown ugly thing stings you!
* * * LOW HITPOINT WARNING * * *
The acid corrodes you!
You are splashed with acid!
* * * LOW HITPOINT WARNING * * *
You feel better. The brown ugly thing stings you.
* * * LOW HITPOINT WARNING * * *
The acid corrodes you!
You are splashed with acid!
You die...

######### #.......#
#.#####.# #.#####.#
################.#<((#.#
................@###(#.#
############.###.u)..#.#
#.# #.#####.# #.# #.#
#.# #.###.#####.#
#...).......#
#..>..####### #.....#
############.#...#


You could see a brown ugly thing (sick).

Vanquished Creatures
  Snorg (Lair:6)
  2 hydras
  A catoblepas (Lair:6)
  An anaconda (Lair:6)
  2 two-headed ogres
  A queen ant (Lair:2)
  15 death yaks
  A fire crab (Lair:5)
  An orb spider (Lair:3)
  4 elephants (Lair:6)
  4 black mambas
  Maggie (D:8)
  8 cane toads
  4 komodo dragons
  3 rime drakes
  A polar bear (Lair:3)
  Grinder (D:4)
  2 hornets
  5 blink frogs (Lair:4)
  4 hippogriffs
  A wraith (D:9)
  2 wyverns
  23 yaks
  4 basilisks
  A hungry ghost (D:9)
  19 soldier ants (Lair:2)
  5 wargs
  12 water moccasins
  5 orc warriors
  10 porcupines
  2 sky beasts
  2 necrophages
  An eye of draining (D:10)
  6 ice beasts
  13 wolves
  3 ogres
  A centaur (D:10)
  11 crocodiles
  Blork the orc (D:4)
  3 big kobolds (Sewer)
  11 bullfrogs
  A gnoll sergeant (D:9)
  A scorpion (D:5)
  3 killer bees (D:9)
  10 wights
  6 howler monkeys
  3 bullfrog zombies
  A quasit (D:9)
  3 bullfrog skeletons
  7 orc priests
  5 jellies
  6 hounds
  Crazy Yiuf (D:2)
  2 centaur skeletons
  7 iguanas
  3 orc wizards
  25 worker ants
  3 hound skeletons
  13 gnolls
  13 adders
  2 howler monkey skeletons (D:5)
  3 river rats (Sewer)
  A shadow imp (D:9)
  A white imp (D:6)
  2 ufetubi (D:5)
  7 oozes
  2 adder skeletons
  6 worms
  2 dart slugs
  3 leopard geckos
  70 orcs
  4 giant cockroaches
  6 goblins
  6 hobgoblins
  19 jackals
  12 kobolds
  4 quokkas
  6 ball pythons
  6 bats
  11 frilled lizards
  12 rats
  3 plants (Lair:6)
499 creatures vanquished.

Vanquished Creatures (others)
  A plant (Lair:6)
1 creature vanquished.

Grand Total: 500 creatures vanquished

Notes
Turn   | Place    | Note
-------+----------+-------------------------------------------
     0 | D:1      | BritishOli the Demonspawn Gladiator began the quest for the
                  | Orb.
     0 | D:1      | Reached XP level 1. HP: 16/16 MP: 1/1
   384 | D:1      | Gained mutation: You are partially covered in thin metallic
                  | scales. (AC +2) [demonic ancestry]
   384 | D:1      | Reached XP level 2. HP: 21/22 MP: 2/2
  1299 | D:2      | Gained mutation: You are immune to rotting. [demonic
                  | ancestry]
  1299 | D:2      | Reached XP level 3. HP: 28/28 MP: 3/3
  1317 | D:2      | Reached skill level 1 in Armour
  1560 | D:2      | Reached XP level 4. HP: 34/34 MP: 4/4
  1826 | D:2      | Found a glowing golden altar of the Shining One.
  1826 | D:2      | Found a blossoming altar of Fedhas.
  2006 | D:2      | Found a runed translucent door.
  2007 | D:2      | Noticed Crazy Yiuf
  2352 | D:2      | Gained mutation: You regenerate a little health from kills.
                  | [demonic ancestry]
  2352 | D:2      | Reached XP level 5. HP: 39/41 MP: 5/5
  2362 | D:2      | Found an opulent altar of Gozag.
  2445 | D:2      | Killed Crazy Yiuf
  3211 | D:3      | Gained mutation: You are mostly covered in thin metallic
                  | scales. (AC +3) [demonic ancestry]
  3211 | D:3      | Reached XP level 6. HP: 45/47 MP: 6/6
  3712 | D:4      | Found a glowing silver altar of Zin.
  4033 | D:4      | Noticed Grinder
  4228 | D:4      | Killed Grinder
  4228 | D:4      | Reached XP level 7. HP: 32/54 MP: 7/7
  4354 | D:5      | Entered Level 5 of the Dungeon
  4362 | D:5      | Found an ancient bone altar of Kikubaaqudgha.
  4700 | D:4      | Noticed Blork the orc
  4769 | D:4      | Killed Blork the orc
  5124 | D:4      | Found a basalt altar of Yredelemnul.
  5450 | D:5      | Reached skill level 5 in Long Blades
  5540 | D:5      | Gained mutation: You have sharp toenails. [demonic
                  | ancestry]
  5540 | D:5      | Reached XP level 8. HP: 58/61 MP: 8/8
  5884 | D:5      | Noticed a hornet
  5889 | D:5      | Killed a hornet
  5889 | D:5      | Reached skill level 5 in Fighting
  6221 | D:5      | Reached skill level 5 in Armour
  6581 | D:6      | Found a glowing drain.
  6596 | Sewer    | Entered a sewer
  7219 | D:6      | Reached XP level 9. HP: 61/69 MP: 9/9
  7988 | D:7      | Found a staircase to the Ecumenical Temple.
  7992 | Temple   | Entered the Ecumenical Temple
  7996 | Temple   | Became a worshipper of Warmaster Okawaru
  8099 | D:7      | Found Houdezuh's Magic Scroll Shoppe.
  8124 | D:7      | Bought a scroll of identify for 28 gold pieces
  8124 | D:7      | Bought a scroll of identify for 28 gold pieces
  8124 | D:7      | Bought a scroll of teleportation for 42 gold pieces
  8124 | D:7      | Bought a scroll of enchant armour for 105 gold pieces
  8124 | D:7      | Bought a scroll of magic mapping for 49 gold pieces
  8124 | D:7      | Bought a scroll of identify for 28 gold pieces
  8124 | D:7      | Bought 3 scrolls of identify for 84 gold pieces
  9355 | D:8      | Found a staircase to the Lair.
  9400 | D:8      | Noticed Maggie
  9416 | D:8      | Killed Maggie
  9416 | D:8      | Reached * piety under Okawaru
  9679 | D:8      | Found a shattered altar of Ashenzari.
  9770 | D:8      | Noticed a two-headed ogre
 10033 | D:7      | Killed a two-headed ogre
 10033 | D:7      | Reached ** piety under Okawaru
 10033 | D:7      | Gained mutation: You have razor-sharp toenails. [demonic
                  | ancestry]
 10033 | D:7      | Reached XP level 10. HP: 37/79 MP: 10/10
 10592 | D:9      | Found a roughly hewn altar of Beogh.
 10731 | D:9      | Noticed a two-headed ogre
 10737 | D:9      | Killed a two-headed ogre
 10737 | D:9      | Reached *** piety under Okawaru
 10983 | D:9      | Received a gift from Okawaru
 11491 | D:9      | Reached **** piety under Okawaru
 11847 | D:10     | Entered Level 10 of the Dungeon
 11984 | D:10     | Gained mutation: You may emit foul miasma when damaged in
                  | melee. [demonic ancestry]
 11984 | D:10     | Reached XP level 11. HP: 67/86 MP: 11/11
 12061 | D:10     | Reached skill level 10 in Long Blades
 12379 | D:10     | Found a staircase to the Orcish Mines.
 12730 | D:10     | Found a runed translucent gate.
 12730 | D:10     | Found a runed translucent gate.
 12730 | D:10     | Found a runed translucent gate.
 12730 | D:10     | Noticed loom's ghost (journeyman GnSk)
 13070 | D:11     | Noticed a brown ugly thing
 13070 | D:11     | Noticed a skeletal warrior
 13080 | Orc:1    | Entered Level 1 of the Orcish Mines
 13093 | Orc:1    | Noticed an orc high priest
 13107 | D:10     | Reached ***** piety under Okawaru
 13192 | Lair:1   | Entered Level 1 of the Lair of Beasts
 13209 | D:8      | Reached skill level 10 in Armour
 13926 | Lair:1   | Received a gift from Okawaru
 14580 | Lair:2   | Noticed a six-headed hydra
 14597 | Lair:2   | Killed a three-headed hydra
 15114 | Lair:2   | Reached XP level 12. HP: 95/95 MP: 12/12
 15565 | Lair:2   | Noticed a queen ant
 15574 | Lair:2   | Received a gift from Okawaru
 15613 | Lair:2   | Killed a queen ant
 15761 | Lair:2   | Received a gift from Okawaru
 15804 | Lair:2   | Reached ****** piety under Okawaru
 16486 | Lair:3   | Found a staircase to the Shoals.
 16578 | Lair:3   | Found a hole to the Spider Nest.
 17803 | Lair:4   | Noticed a death yak
 17803 | Lair:4   | Noticed a death yak
 17803 | Lair:4   | Noticed a death yak
 17803 | Lair:4   | Noticed a death yak
 17803 | Lair:4   | Noticed a death yak
 17835 | Lair:3   | Killed a death yak
 18345 | Lair:3   | Killed a death yak
 18368 | Lair:3   | Killed a death yak
 18368 | Lair:3   | Reached skill level 10 in Fighting
 18993 | Lair:3   | Killed a death yak
 19344 | Lair:3   | Killed a death yak
 20705 | Lair:5   | Reached XP level 13. HP: 89/104 MP: 13/13
 20903 | Lair:5   | Found a runed translucent door.
 20940 | Lair:5   | HP: 2/104 [cane toad (11)]
 23331 | Lair:5   | Noticed an entropy weaver
 23478 | Lair:6   | Entered Level 6 of the Lair of Beasts
 23508 | Lair:6   | Received a gift from Okawaru
 24984 | Lair:6   | Reached skill level 1 in Shields
 25415 | Lair:6   | Noticed Snorg
 25427 | Lair:6   | Killed Snorg
 25454 | Lair:6   | Gained mutation: You are robust. (+10% HP) [potion of
                  | mutation]
 25454 | Lair:6   | Gained mutation: Your spells are a little harder to cast,
                  | but a little more powerful. [potion of mutation]
 26484 | Lair:6   | Noticed a dire elephant
 26485 | Lair:6   | Noticed a dire elephant
 26491 | Lair:6   | Noticed a dire elephant
 26491 | Lair:6   | Noticed a dire elephant
 26758 | D:10     | Splashed by a brown ugly thing's acid

Illustrated notes

Levels and vault maps discovered:
D:1:      dpeg_arrival_round_a, layout_basic
D:2:      layout_basic, marbit_many_paths, gammafunk_temple_overflow_wave,
          kennysheep_generic_room_3, uniq_crazy_yiuf_cottage
D:3:      layout_loops_cross, first_ration, kennysheep_boxes
D:4:      layout_basic, yredelemnul_altar_generic, zin_academy,
          minmay_misc_feat_encased, interstate_on_off, corexii_shack,
          st_stairs_10, uniq_grinder, uniq_blork_the_orc
D:5:      layout_gridville, kiku_gazebo_pond_becter, serial_rivers,
          chequers_serial_rivers_micro_a, chequers_serial_rivers_marsh,
          chequers_serial_rivers_marsh, chequers_serial_rivers_large_a,
          minmay_misc_feat_nine_boxes, nrook_mini_backslash, minmay_small_thing
D:6:      minmay_spotlight, layout_basic, cheibrodos_sewer_entry_bend
D:7:      layout_loops_ring, minmay_temple_entry_drinking_statues, serial_shops,
          shop
D:8:      layout_gridville, lair_entry_dummy, basic_altar, uniq_maggie
D:9:      layout_roguey [special_room_orc], hangedman_little_slice_of_home,
          statue_in_the_mist_lemuel
D:10:     layout_basic, minmay_orc_entry_guard_dogs, ebering_ghost_rock_garden
D:11:     layout_cave_pools
Temple:   nicolae_temple_x_marks_the_god
Lair:1:   layout_cave_shapes
Lair:2:   layout_misc_corridors, serial_rivers, chequers_serial_rivers_room_b,
          chequers_serial_rivers_small_3, chequers_serial_rivers_micro_a,
          chequers_serial_rivers_room_a, small_statue_intersection,
          zaba_anthell, serial_bayou_shore_b
Lair:3:   layout_roguey, shoals_dummy_entry, nicolae_spider_entry_orb_guardian,
          st_stairs_3
Lair:4:   layout_small_grid, infiniplex_staircase_pool_2, grunt_megastairs_2
Lair:5:   gammafunk_mikee_crab_dinner, layout_cave_pods
Lair:6:   due_jungle_book, layout_gridlike, minmay_slime_entry_oklob_enclosed,
          minivault_25, serial_bayou_shore_b, lemuel_fruit_tree,
          grunt_megastairs_3, uniq_snorg
Orc:1:    layout_diamond_mine, serial_shops, nicolae_shop_stone,
          biasface_ghost_orc_armoury, nicolae_orc_lava_room, uniq_fannar

Skill      XL: |  1  2  3  4  5  6  7  8  9 10 11 12 13 |
---------------+----------------------------------------+-----
Throwing       | 2 3 4 |  4.0
Long Blades    | 3 4 5 6 8 9 11 12 13 | 13.7
Armour         | 1 2 3 4 5 7 9 10 12 13 | 13.2
Dodging        | 3 |  3.0
Fighting       | 3 4 5 7 8 9 10 11 | 11.2
Shields        | 2 |  2.3

Action                   |  1- 3 |  4- 6 |  7- 9 | 10-12 | 13-15 || total
-------------------------+-------+-------+-------+-------+-------++-------
Melee: Long sword        |    98 |   251 |   113 |       |       ||   462
       Short sword       |       |       |   286 |       |       ||   286
       Kick              |       |       |   132 |   466 |   225 ||   823
       Falchion          |       |       |   136 |  1176 |   465 ||  1777
       Hand axe          |       |       |       |    10 |    14 ||    24
Throw: Throwing net      |       |       |     3 |       |       ||     3
       Javelin           |       |       |       |     3 |    12 ||    15
Evoke: Wand              |       |       |     2 |     1 |     1 ||     4
  Use: Potion            |       |     2 |     7 |       |     3 ||    12
       Scroll            |       |       |     9 |     1 |    15 ||    25
 Stab: Held in net/web   |       |       |     1 |       |       ||     1
       Paralysed         |       |       |     3 |       |       ||     3
       Distracted        |       |       |       |     1 |       ||     1
  Eat: Chunk             |     2 |     9 |    16 |    25 |     6 ||    58
       Ration            |       |       |     1 |     4 |     4 ||     9
Armor: Leather armour    |    21 |       |       |       |       ||    21
       Ring mail         |    22 |   142 |   109 |       |       ||   273
       Scale mail        |       |       |   136 |       |       ||   136
       Swamp dragon scal |       |       |     2 |   477 |   172 ||   651
Dodge: Dodged            |    66 |   227 |   283 |   488 |   131 ||  1195
Block: Other             |       |       |       |   152 |    36 ||   188
       Kite shield       |       |       |       |       |   141 ||   141
       Rpst.: Long sword |    20 |    72 |    21 |       |       ||   113
       Falchion          |       |       |    24 |   146 |    31 ||   201

Table legend:
 A = Non-vault XP
 B = Vault XP
 C = Vault XP percentage of total XP
 D = Non-vault monster count
 E = Vault monster count
 F = Vault count percentage of total count
                 A         B        C        D         E       F
            +---------+---------+-------+---------+---------+-------
      Total |   40211 |   19570 |  32.7 |     365 |     131 |  26.4
            +---------+---------+-------+---------+---------+-------
        D:1 |      40 |       0 |   0.0 |      23 |       0 |   0.0
        D:2 |     219 |      40 |  15.4 |      41 |       2 |   4.7
        D:3 |     155 |       0 |   0.0 |      31 |       0 |   0.0
        D:4 |     208 |     428 |  67.3 |      15 |       4 |  21.1
        D:5 |     795 |     209 |  20.8 |      28 |       2 |   6.7
        D:6 |     752 |      66 |   8.1 |      20 |       6 |  23.1
        D:7 |    1895 |       0 |   0.0 |      23 |       0 |   0.0
        D:8 |    1065 |     415 |  28.0 |      12 |       1 |   7.7
        D:9 |    4436 |     795 |  15.2 |      42 |      33 |  44.0
       D:10 |    2427 |     487 |  16.7 |      25 |       3 |  10.7
     Lair:1 |    3339 |       0 |   0.0 |      20 |       0 |   0.0
     Lair:2 |    4224 |    4624 |  52.3 |      16 |      43 |  72.9
     Lair:3 |    2766 |    5183 |  65.2 |      13 |       8 |  38.1
     Lair:4 |    5243 |     886 |  14.5 |      16 |       2 |  11.1
     Lair:5 |    7064 |    1743 |  19.8 |      21 |       2 |   8.7
     Lair:6 |    5372 |    4340 |  44.7 |      13 |       7 |  35.0
      Orc:1 |     211 |       0 |   0.0 |       6 |       0 |   0.0
      Sewer |       0 |     354 | 100.0 |       0 |      18 | 100.0
            +---------+---------+-------+---------+---------+-------
